 Dungeon Crawl Stone Soup version 0.31-a0-940-gdaa99269f9 (webtiles) character file.

Game seed: 5653375802070870748

217 kae the Digger (level 5, -2/29 HPs)
             Began as a Gargoyle Earth Elementalist on Oct 20, 2023.
             Slain by Pikel
             ... wielding a +1 whip of freezing
              (3 damage)
             ... on level 4 of the Dungeon.
             The game lasted 00:02:33 (3141 turns).

kae the Digger (Gargoyle Earth Elementalist)        Turns: 3141, Time: 00:02:33

Health: -2/29      AC:  9    Str: 12    XL:     5   Next: 94%
Magic:  3/9        EV: 10    Int: 17    God:
Gold:   124        SH:  0    Dex: 10    Spells: 6/10 levels left

rFire   . . .        p - +2 short sword (speed)
rCold   . . .        (no shield)
rNeg    + . .        e - +0 ring mail
rPois   ∞            (no helmet)
rElec   +            j - scarf {harm}
rCorr   .            (no gloves)
SInv    .            (no boots)
Will    .....        (no amulet)
Stlth   +            (no ring)
HPRegen 0.24/turn    (no ring)
MPRegen 0.11/turn

%: harm (+30% outgoing, +20% incoming)
@: very slightly contaminated
A: sickness immunity, AC +4, negative energy resistance 1, electricity
resistance, torment resistance 1, petrification resistance
a: no special abilities


You were on level 4 of the Dungeon.
You visited 1 branch of the dungeon, and saw 4 of its levels.

You collected 124 gold pieces.


Innate Abilities, Weirdness & Mutations

You are immune to sickness and miasma.
Your stone body is resilient. (AC +4)
You are immune to poison.
You resist negative energy. (rN+)
You are resistant to electric shocks. (rElec)
You are resistant to unholy torment.
You are immune to petrification.


   Skills:
 + Level 1.5 Fighting
 + Level 2.1 Armour
 - Level 2.0 Dodging
 - Level 2.1 Stealth
 + Level 3.0 Spellcasting
 + Level 2.0 Conjurations
 - Level 0.7 Transmutations
 + Level 5.2 Earth Magic


You had 6 spell levels left.
You knew the following spells:

 Your Spells              Type           Power      Damage    Failure   Level
a - Sandblast             Erth           40%        2d10      4%          1
b - Stone Arrow           Conj/Erth      30%        3d8       26%         3

Your spell library contained the following spells:

 Spells                   Type           Power      Damage    Failure   Level
 Passwall                 Tmut/Erth      10%        N/A       17%         2
 Brom's Barrelling Bould  Conj/Erth      15%        2d4       63%         4
 Petrify                  Tmut/Erth      12%        N/A       73%         4
 Summon Guardian Golem    Hex/Summ       2%         N/A       75%         3
 Orb of Destruction       Conj           4%         9d5       100%        7
 Spellforged Servitor     Conj/Summ      3%         N/A       100%        7

Inventory:

Hand Weapons
 d - a +0 short sword
   (You took it off a kobold on level 1 of the Dungeon)
 p - a +2 short sword of speed (weapon)
   (You took it off an orc on level 4 of the Dungeon)
Missiles
 c - 46 stones
 s - 6 poisoned darts
 t - a boomerang
Armour
 a - a +0 robe
 e - a +0 ring mail (worn)
   (You found it on level 1 of the Dungeon)
 j - a scarf of harm (worn)
   (You found it on level 2 of the Dungeon)
Magical Staves
 g - a staff of death {!a}
   (You found it on level 1 of the Dungeon)
Jewellery
 I - a +6 ring of intelligence
   (You found it on level 1 of the Dungeon)
 Z - a ring of wizardry
   (You found it on level 4 of the Dungeon)
Scrolls
 f - 2 scrolls of identify {@r1}
 h - a scroll of poison
 m - a scroll of teleportation {@r4}
 o - a scroll of noise {unknown}
 q - a scroll of fog {unknown}
 r - 2 scrolls of immolation {unknown}
Potions
 b - 3 potions of magic
 i - 2 potions of curing {@q1}
 k - a potion of might
 l - a potion of mutation {!q}
 n - a potion of degeneration {!q}
 u - a potion of berserk rage {unknown}

Dungeon Overview and Level Annotations

Branches:
Dungeon (4/15) Zot: 20796
 Temple: D:4-7

Altars:

Annotations:
D:4 1 runed translucent door, Crazy Yiuf, Pikel

##+##### #......#
+......# ##......#.
#.@....... #......
#K######.. #...... #.#
#...... #.# . +......
#.######...##......
#........ ......K..
#.###########...... #
#..........).......
###..#.###########......


You could see Pikel.


Message History

Ijyb misses you.
Ijyb hits you with a +0 dagger. 😕 HP[-1]
You take 1 damage, and now have 28/29 hp.
Ijyb attacks as she pursues you!
Ijyb hits you with a +0 dagger. 😕 HP[-2]
You take 2 damage, and now have 26/29 hp. 😕 HP[+1] MP[+1] Ijyb attacks as she pursues you!
Ijyb completely misses you.
Your transformation is almost over. 😕 HP[+1] Ijyb attacks as she pursues you!
Ijyb completely misses you. 😎 HP[+1]
Your hp is fully restored (29). 😎 MP[+1]
Your mp is fully restored (9).
Ijyb screams, "I no like you!" Ijyb attacks as she pursues you!
Ijyb hits you but does no damage.
You condense into your normal self.
Your +2 short sword of speed unmelds from your body.
Your scarf of harm unmelds from your body.
Your +0 ring mail unmelds from your body.
Your hands tingle!
Casting: Sandblast (safe; 4% risk of failure)
Confirm with . or Enter, or press ? or * to list all spells.
Okay, then.
Casting: Stone Arrow (quite dangerous; 26% risk of failure)
Confirm with . or Enter, or press ? or * to list all spells.
Aiming: Sandblast (safe; 4% risk of failure)
Press: ? - help, Shift-Dir - straight line, f/p - Ijyb
Aim: Ijyb, wielding a +0 dagger, wearing a +0 leather armour and carrying a wand of polymorph (moderately wounded, 79% to hit)
The blast of sand hits Ijyb.
Ijyb hits you with a +0 dagger. 😕 HP[-1] MP[-1]
You take 1 damage, and now have 28/29 hp.
You lost 1 mp, and now have 8/9 mp.
Unknown command.
Casting: Sandblast (safe; 4% risk of failure)
Confirm with . or Enter, or press ? or * to list all spells.
Aiming: Sandblast (safe; 4% risk of failure)
Press: ? - help, Shift-Dir - straight line, f/p - Ijyb
Aim: Ijyb, wielding a +0 dagger, wearing a +0 leather armour and carrying a wand of polymorph (severely wounded, 79% to hit)
The blast of sand hits Ijyb!
You kill Ijyb!
Your Conjurations skill increases to level 2! 😕 MP[-1]
You lost 1 mp, and now have 7/9 mp.
Casting: Sandblast (safe; 4% risk of failure)
Confirm with . or Enter, or press ? or * to list all spells.
Aiming: Sandblast (safe; 4% risk of failure)
Press: ? - help, Shift-Dir - straight line, f - Pikel
Aim: Pikel, wielding a +1 whip of freezing and wearing a +0 robe of positive energy (79% to hit)
The blast of sand hits Pikel but does no damage. 😎 HP[+1] MP[-1]
Your hp is fully restored (29).
You lost 1 mp, and now have 6/9 mp.
Casting: Sandblast (safe; 4% risk of failure)
Confirm with . or Enter, or press ? or * to list all spells.
Aiming: Sandblast (safe; 4% risk of failure)
Press: ? - help, Shift-Dir - straight line, f/p - Pikel
Aim: Pikel, wielding a +1 whip of freezing and wearing a +0 robe of positive energy (79% to hit)
The blast of sand hits Pikel.
Pikel hits you with a +1 whip of freezing.
Pikel freezes you. 😮 HP[-8] MP[-1]
You take 8 damage, and now have 21/29 hp.
MASSIVE DAMAGE!! (PAUSE)
You lost 1 mp, and now have 5/9 mp.
Casting: Sandblast (safe; 4% risk of failure)
Confirm with . or Enter, or press ? or * to list all spells.
Aiming: Sandblast (safe; 4% risk of failure)
Press: ? - help, Shift-Dir - straight line, f/p - Pikel
Aim: Pikel, wielding a +1 whip of freezing and wearing a +0 robe of positive energy (79% to hit)
The blast of sand hits Pikel!
Pikel hits you with a +1 whip of freezing.
Pikel freezes you.
* * * LOW HITPOINT WARNING * * *
😨 HP[-9] MP[-1]
You take 9 damage, and now have 12/29 hp.
MASSIVE DAMAGE!! (PAUSE)
You lost 1 mp, and now have 4/9 mp.
Casting: Sandblast (safe; 4% risk of failure)
Confirm with . or Enter, or press ? or * to list all spells.
Aiming: Sandblast (safe; 4% risk of failure)
Press: ? - help, Shift-Dir - straight line, f/p - Pikel
Aim: Pikel, wielding a +1 whip of freezing and wearing a +0 robe of positive energy (moderately wounded, 79% to hit)
You miscast Sandblast.
You are very lightly contaminated with residual magic.
Nothing appears to happen.
Pikel hits you with a +1 whip of freezing!
* * * LOW HITPOINT WARNING * * *
Pikel freezes you.
* * * LOW HITPOINT WARNING * * *
Casting: Sandblast (safe; 4% risk of failure)
Confirm with . or Enter, or press ? or * to list all spells.
Aiming: Sandblast (safe; 4% risk of failure)
Press: ? - help, Shift-Dir - straight line, f/p - Pikel
Aim: Pikel, wielding a +1 whip of freezing and wearing a +0 robe of positive energy (moderately wounded, 79% to hit)
The blast of sand hits Pikel.
Pikel hits you with a +1 whip of freezing.
You die...
Pikel says, "Another soul for the market."

Skill      XL: |  1  2  3  4  5 |
---------------+----------------+-----
Earth Magic    | 4 5 |  5.2
Armour         | 1 2 |  2.1
Conjurations   | 1 2 |  2.0
Dodging        | 2 |  2.0
Fighting       | 1 |  1.5
Spellcasting   | 3 |  3.0
Stealth        | |  2.1
Transmutations | |  0.7

Action                     |  1- 3 |  4- 6 || total
---------------------------+-------+-------++-------
  Melee: Unarmed           |    24 |       ||    24
         Short sword       |     5 |       ||     5
   Cast: Sandblast         |    42 |    81 ||   123
    Use: Scroll            |     2 |     5 ||     7
   Stab: Sleeping          |     1 |       ||     1
 Armour: Robe              |    29 |       ||    29
         Ring mail         |     7 |    24 ||    31
         Skin              |       |     3 ||     3
  Dodge: Dodged            |    27 |    16 ||    43

Levels and vault maps discovered:
D:1:      dpeg_arrival_round_c, layout_basic, minmay_misc_feat_square
D:2:      layout_basic
D:3:      layout_loops_ring, hellmonk_ecumenical_altar_pennies_from_heaven
D:4:      layout_basic, minmay_misc_feat_alley, uniq_pikel,
          uniq_crazy_yiuf_cottage, uniq_ijyb

Notes
Turn   | Place    | Note
-------+----------+-------------------------------------------
     0 | D:1      | kae the Gargoyle Earth Elementalist began the quest for the
                  | Orb.
     0 | D:1      | Reached XP level 1. HP: 10/10 MP: 3/3
     0 | D:1      | magus.rc [v1.11.3]
    80 | D:1      | Reached skill level 4 in Earth Magic
    88 | D:1      | Reached XP level 2. HP: 13/15 MP: 1/5
   235 | D:1      | You pick up a book of Dangerous Friends and begin
                  | reading...
   235 | D:1      | You add the spells Summon Guardian Golem, Orb of
                  | Destruction and Spellforged Servitor to your library.
   475 | D:1      | Reached XP level 3. HP: 19/19 MP: 4/6
   530 | D:1      | Learned a level 3 spell: Stone Arrow
   918 | D:2      | Reached skill level 1 in Armour
   920 | D:2      | Reached XP level 4. HP: 24/24 MP: 0/7
  1068 | D:2      | Reached skill level 1 in Conjurations
  1975 | D:3      | Found a faded altar of an unknown god.
  1983 | D:3      | Reached skill level 2 in Dodging
  2074 | D:3      | Reached skill level 5 in Earth Magic
  2074 | D:3      | Reached XP level 5. HP: 28/28 MP: 4/9
  2480 | D:4      | Noticed a lemure
  2481 | D:4      | Noticed Pikel
  2511 | D:4      | Killed a lemure
  2540 | D:4      | Noticed a lemure
  2546 | D:4      | Noticed a lemure
  2553 | D:3      | Killed a lemure
  2615 | D:4      | Reached skill level 1 in Fighting
  2704 | D:4      | Reached skill level 3 in Spellcasting
  2846 | D:4      | Reached skill level 2 in Armour
  2905 | D:4      | Found a runed translucent door.
  2906 | D:4      | Noticed Crazy Yiuf
  3113 | D:4      | Noticed Ijyb
  3136 | D:4      | Killed Ijyb
  3137 | D:4      | Reached skill level 2 in Conjurations
  3140 | D:4      | HP: 5/29 [Pikel/+1 whip of freezing (8)]
  3140 | D:4      | HP: 1/29 [Pikel/+1 whip of freezing (4)]
  3141 | D:4      | Slain by Pikel

Vanquished Creatures
  2 lemures
  A scorpion (D:4)
  Ijyb (D:4)
  4 adders (D:2)
  6 worms
  4 dart slugs
  6 orcs
  7 endoplasms
  2 giant cockroaches (D:1)
  7 goblins
  4 hobgoblins
  4 quokkas
  4 ball pythons
  6 bats
  4 frilled lizards
  5 kobolds
  6 rats
73 creatures vanquished.

Table legend:
 A = Non-vault XP
 B = Vault XP
 C = Vault XP percentage of total XP
 D = Non-vault monster count
 E = Vault monster count
 F = Vault count percentage of total count
                 A         B        C        D         E       F
            +---------+---------+-------+---------+---------+-------
      Total |     275 |      36 |  11.6 |      70 |       1 |   1.4
            +---------+---------+-------+---------+---------+-------
        D:1 |      52 |       0 |   0.0 |      29 |       0 |   0.0
        D:2 |      88 |       0 |   0.0 |      18 |       0 |   0.0
        D:3 |      29 |       0 |   0.0 |      12 |       0 |   0.0
        D:4 |     106 |      36 |  25.4 |      11 |       1 |   8.3
            +---------+---------+-------+---------+---------+-------

Skill      XL: |  1  2  3  4  5 |
---------------+----------------+-----
Earth Magic    | 4 5 |  5.2
Armour         | 1 2 |  2.1
Conjurations   | 1 2 |  2.0
Dodging        | 2 |  2.0
Fighting       | 1 |  1.5
Spellcasting   | 3 |  3.0
Stealth        | |  2.1
Transmutations | |  0.7

Action                     |  1- 3 |  4- 6 || total
---------------------------+-------+-------++-------
  Melee: Unarmed           |    24 |       ||    24
         Short sword       |     5 |       ||     5
   Cast: Sandblast         |    42 |    81 ||   123
    Use: Scroll            |     2 |     5 ||     7
   Stab: Sleeping          |     1 |       ||     1
 Armour: Robe              |    29 |       ||    29
         Ring mail         |     7 |    24 ||    31
         Skin              |       |     3 ||     3
  Dodge: Dodged            |    27 |    16 ||    43

Illustrated notes

Table legend:
 A = Kills in this place as a percentage of kills in the entire game.
 B = Kills by you in this place as a percentage of kills by you in the entire game.
 C = Kills by friends in this place as a percentage of kills by friends in the entire game.
 D = Other kills in this place as a percentage of other kills in the entire game.
 E = Experience gained in this place as a percentage of experience gained in the entire game.
 F = Experience gained in this place divided by the number of levels of this place that you have seen.
                   A       B       C       D       E      F
               +-------+-------+-------+-------+-------+----------------------
         Total | 100.0 | 100.0 |   N/A |   N/A | 100.0 |  77.8
       Dungeon | 100.0 | 100.0 |   N/A |   N/A | 100.0 |  77.8
               +-------+-------+-------+-------+-------+----------------------

Table legend: (Time is in decaauts)
 A = Elapsed time spent in this place.
 B = Non-inter-level travel time spent in this place.
 C = Inter-level travel time spent in this place.
 D = Time resting spent in this place.
 E = Time spent auto-exploring this place.
 F = Levels seen in this place.
 G = Mean time per level.
                   A        B        C        D        E       F      G
               +--------+--------+--------+--------+--------+-----+--------+
         Total |   3202 |   3154 |     48 |     60 |   2569 |   4 |  800.5 |
       Dungeon |   3202 |   3154 |     48 |     60 |   2569 |   4 |  800.5 |
               +--------+--------+--------+--------+--------+-----+--------+

Top non-repeatable levels by time:
     D:1: 918 daAuts
     D:2: 841 daAuts
     D:3: 768 daAuts
     D:4: 673 daAuts
